AoeStats
← Brown Sugar

Arabia

508329236Analyzed
1v1 RM · 9d ago on Sep 22, 2026· 34m 45s· 2 players
Game mode
Random Map
Map size
Tiny (2 player)
Population
200
Speed
Normal
Resources
Standard
Victory
Conquest
Starting age
Dark Age
Ending age
Imperial Age
RankedLock teamsTeams togetherTeam positionsShared explorationLock speedFull tech treeHidden civsTurbo modeCheats
Victory
Defeat
🇺🇸 Bengalis · United States
859
+17
🇲🇽 Armenians · Mexico
886
-17
Brown Sugar
9:49 Feudal Age
9:44 Loom
14:05 Castle Age
yair066
10:50 Feudal Age
11:01 Man-at-Arms
11:54 Long Swordsman
12:31 Double-Bit Axe
14:12 Forging
14:15 Arson
15:31 Scale Mail Armor
19:40 Horse Collar
27:43 Castle Age
25:20 Pikeman
29:25 Gambesons
Connection lost

Rejoining the realm…

Still unreachable

The connection could not be restored.

Session expired

The server has moved on; the page needs a fresh start.